Map: Port Aleksander LE

Players

Denver

  • Race: Zerg Zerg
  • League: Master
  • Spawn Location: 11:00

Lambo - Winner!

  • Race: Zerg Zerg
  • League: Grandmaster
  • Spawn Location: 5:00

Event: 2019 WCS Winter Europe

VOD

Have the link to the VOD?

Description

Time

  • Played on: Feb. 3, 2019, 11:33 a.m.
  • Length: 11:27

All games in this series

Show
View Real Time Build Order
Export as new Build Order

Denver Zerg 

Build Orders: Pool First 

Get SALT Encoding   

  12  0:00  Drone  
  13  0:12  Overlord  
  13  0:18  Drone  
  14  0:31  Drone x2  
  16  0:41  Spawning Pool  
  15  0:45  Drone  
  15  0:49  Drone  
  17  1:10  Hatchery  
  16  1:14  Drone  
  17  1:28  Zergling x6  
  20  1:33  Queen  
  22  1:40  Overlord  
  22  1:49  Extractor  
  22  1:50  Drone  
  22  2:02  Drone  
  23  2:09  Queen  
  23  2:12  Drone  
  26  2:22  Queen  
  28  2:23  Drone x2  
  30  2:36  Drone  
  30  2:37  Drone  
  30  2:40  Drone  
  32  2:45  Drone  
  32  2:49  Overlord  
  31  2:52  Lair  
  31  2:53  Drone  
  31  2:57  Drone x2  
  34  3:05  Evolution Chamber  
  33  3:07  Drone x2  
  35  3:18  Roach Warren  
  34  3:21  Drone x2  
  34  3:24  Drone x2  
  38  3:27  Extractor  
  38  3:29  Drone  
  38  3:30  Drone  
  39  3:35  Zerg Missile Weapons Level 1  
  39  3:39  Drone  
  39  3:40  Extractor, Drone  
  40  3:42  Drone  
  40  3:46  Overlord  
  41  3:53  Drone x3  
  44  3:57  Glial Reconstitution  
  44  4:01  Overlord  
  44  4:11  Drone x5  
  44  4:15  Overlord  
  48  4:27  Hatchery  
  48  4:31  Roach  
  49  4:36  Roach  
  49  4:37  Evolution Chamber  
  49  4:38  Roach  
  52  4:44  Drone x3  
  52  4:45  Drone  
  56  4:46  Drone  
  56  4:50  Roach  
  56  4:51  Overseer  
  59  4:54  Overlord  
  59  4:56  Drone  
  60  5:01  Roach x2  
  60  5:06  Zerg Ground Armor Level 1  
  64  5:08  Roach  
  66  5:14  Roach  
  66  5:15  Roach, Overseer  
  70  5:22  Drone  
  70  5:23  Drone x3  
  70  5:26  Overlord  
  70  5:27  Extractor, Overseer  
  73  5:31  Zerg Missile Weapons Level 2  
  73  5:34  Roach  
  75  5:36  Overlord  
  75  5:42  Roach x2  
  79  5:45  Overlord  
  79  5:52  Drone x5  
  79  5:55  Spore Crawler  
  83  5:59  Burrow  
  83  6:01  Tunneling Claws  
  79  6:05  Spore Crawler  
  79  6:08  Drone x3  
  81  6:12  Overlord  
  81  6:18  Roach x3  
  87  6:19  Roach  
  87  6:20  Roach  
  87  6:23  Overlord  
  89  6:30  Roach x3  
  91  6:33  Overlord  
  91  6:36  Drone x2  
  93  6:42  Roach x3  
  99  6:47  Roach x3  
  99  6:51  Overlord  
  99  6:53  Overlord  
  103  6:56  Spore Crawler  
  103  6:59  Roach x2  
  100  7:04  Roach x2  
  104  7:11  Roach x4  
  104  7:15  Overlord  
  112  7:18  Roach x2  
  112  7:19  Roach  
  118  7:25  Roach x2  
  118  7:26  Overlord  
  118  7:28  Overlord  
  118  7:29  Roach x12  
  122  7:33  Roach  
  122  7:34  Roach  
  122  7:36  Roach x16  
  126  7:38  Queen  
  126  7:41  Queen  
  130  7:49  Roach x9  
  130  7:50  Queen  
  125  7:54  Overlord  
  125  7:56  Drone x7  
  125  7:57  Drone  
  133  8:00  Roach x4  
  129  8:06  Hydralisk Den  
  129  8:07  Extractor  
  129  8:08  Extractor  
  114  8:23  Overlord  
  108  8:30  Overlord, Drone x3  
  108  8:32  Roach  
  103  8:36  Hydralisk, Grooved Spines  
  103  8:37  Hydralisk x7  
  117  8:43  Roach x4  
  117  8:45  Roach x11  
  125  8:50  Roach x3  
  131  8:56  Roach  
  131  8:57  Roach x3  
  131  9:00  Overlord  
  135  9:07  Roach x5  
  129  9:14  Roach  
  129  9:15  Roach x2  
  133  9:19  Overlord  
  133  9:21  Roach x3  
  133  9:22  Roach  
  141  9:29  Roach x3  
  141  9:34  Roach x3  
  141  9:35  Roach  
  145  9:39  Roach  
  145  9:40  Roach  
  145  9:44  Roach x2  
  145  9:45  Roach  
  155  9:49  Roach x2  
  155  9:52  Overlord  
  156  9:57  Roach x3  
  160  10:01  Roach x2  
  160  10:02  Roach x2  
  160  10:03  Roach  
  159  10:10  Roach  
  159  10:11  Roach x2  
  159  10:22  Roach x4  
  143  10:30  Roach x5  
  117  10:35  Roach  
  117  10:36  Roach x3  
  117  10:42  Roach  
  109  10:48  Roach x2  
  105  10:54  Roach x3  
  105  10:55  Roach  
  105  10:58  Roach x2  
  105  11:02  Roach x3  
  113  11:08  Roach  
Show
View Real Time Build Order
Export as new Build Order

Lambo Zerg - Winner!

Build Orders: Hatch First 

Get SALT Encoding   

  12  0:00  Drone  
  13  0:12  Overlord  
  13  0:18  Drone  
  14  0:31  Drone x2  
  16  0:49  Hatchery  
  15  0:52  Drone  
  15  0:56  Drone  
  17  0:59  Drone  
  18  1:10  Extractor  
  17  1:15  Spawning Pool  
  17  1:18  Drone  
  17  1:22  Drone  
  18  1:28  Drone  
  19  1:39  Drone  
  20  1:51  Drone  
  21  2:01  Queen, Drone  
  22  2:02  Overlord, Queen  
  26  2:11  Zergling x2  
  26  2:12  Zergling x2  
  28  2:22  Zergling x2  
  29  2:28  Zergling x2  
  30  2:36  Drone x2  
  32  2:44  Drone x2  
  33  2:52  Lair  
  33  2:54  Overlord  
  33  2:57  Drone  
  34  3:04  Evolution Chamber  
  33  3:06  Drone x2  
  33  3:10  Drone  
  33  3:11  Queen  
  38  3:14  Drone x3  
  38  3:18  Drone x2  
  43  3:28  Roach Warren, Drone  
  43  3:36  Overlord  
  43  3:39  Drone  
  44  3:44  Extractor  
  44  3:46  Extractor  
  42  3:49  Drone x2  
  42  3:54  Extractor  
  42  3:55  Drone x2, Spire  
  43  3:57  Drone x3  
  43  4:01  Drone x2  
  48  4:04  Drone  
  48  4:09  Drone  
  50  4:14  Drone x2  
  50  4:29  Glial Reconstitution  
  50  4:30  Zerg Missile Weapons Level 1  
  50  4:31  Drone  
  51  4:32  Hatchery  
  51  4:35  Overlord  
  51  4:37  Overlord  
  50  4:44  Overlord  
  50  4:56  Roach x3  
  50  4:57  Roach  
  58  5:00  Overlord  
  58  5:15  Overlord  
  58  5:16  Mutalisk x4  
  58  5:20  Mutalisk  
  68  5:26  Overlord  
  68  5:28  Drone x4  
  72  5:29  Roach x2  
  72  5:32  Overlord  
  76  5:41  Roach x3  
  82  5:49  Roach x2  
  88  5:50  Roach  
  88  5:53  Drone  
  88  5:56  Drone x3  
  88  5:57  Drone  
  93  5:59  Drone  
  93  6:00  Drone  
  95  6:06  Mutalisk x2  
  99  6:12  Mutalisk  
  99  6:17  Overlord  
  101  6:29  Mutalisk x2  
  101  6:31  Drone x3  
  106  6:34  Extractor  
  106  6:35  Roach x3, Extractor  
  106  6:38  Drone x2  
  106  6:39  Queen  
  112  6:45  Zerg Ground Armor Level 1  
  112  6:48  Overlord  
  112  6:49  Roach, Overlord  
  112  6:51  Overlord  
  114  6:54  Overlord  
  114  6:58  Overlord  
  114  7:02  Overlord  
  114  7:04  Overlord  
  114  7:08  Mutalisk  
  114  7:09  Mutalisk  
  114  7:14  Mutalisk  
  120  7:18  Overlord  
  120  7:23  Roach x2  
  120  7:28  Roach x2  
  128  7:32  Hatchery, Overseer  
  128  7:33  Pneumatized Carapace, Overseer  
  128  7:36  Roach  
  129  7:38  Roach  
  129  7:39  Roach  
  133  7:47  Roach x3  
  139  7:51  Overlord  
  139  7:55  Roach  
  139  7:56  Roach x3  
  147  7:59  Overlord  
  147  8:06  Overseer  
  147  8:07  Overlord  
  147  8:13  Roach x5  
  157  8:20  Roach x2  
  157  8:21  Roach  
  157  8:26  Mutalisk x2  
  164  8:31  Mutalisk  
  164  8:33  Drone x3  
  169  8:34  Drone  
  169  8:35  Drone  
  169  8:36  Drone  
  172  8:41  Overseer  
  172  8:48  Roach x4  
  180  8:49  Ravager  
  181  8:56  Roach x3  
  181  8:57  Roach  
  189  9:07  Roach x5  
  199  9:24  Roach  
  200  9:25  Overlord  
  197  9:36  Ravager x2  
  199  9:49  Ravager  
  199  10:00  Roach  
  199  10:04  Roach  
  189  10:23  Roach x9  
  189  10:26  Roach x7  
  191  10:29  Roach x6  
  191  10:31  Overseer  
  162  10:36  Roach x12  
  173  10:42  Roach x3  
  165  10:50  Roach  
  165  10:51  Roach x2  
  165  10:56  Roach x2  
  179  10:57  Roach  
  179  10:58  Ravager  
  179  11:01  Ravager  
  179  11:02  Roach  
  183  11:05  Roach x2  
  183  11:07  Ravager  
Tags
 
Add a new tag
Caveats
  • Supply blocks, unpowered buildings, or Contaminate may cause inaccurate times.
  • Supply counts are checked every 10 seconds.